Map: Dead of Night

Players

Odin

  • Race: Protoss Protoss
  • League: Gold
  • Spawn Location: 0:00

YoungMir

  • Race: Zerg Zerg
  • Spawn Location: 0:00

VOD

Have the link to the VOD?

Description

Time

  • Played on: July 24, 2018, 1:57 a.m.
  • Length: 23:58
Show
View Real Time Build Order
Export as new Build Order

Odin Protoss 

Build Orders:  

Get SALT Encoding   

  12  0:04  Probe (Chrono Boost)  
  13  0:18  Probe (Chrono Boost)  
  14  0:38  Gateway  
  14  0:54  Assimilator  
  14  0:56  Probe (Chrono Boost)  
  15  1:09  Pylon  
  15  1:48  Pylon  
  15  1:54  Cybernetics Core  
  15  2:00  Probe (Chrono Boost)  
  16  2:13  Gateway  
  16  2:14  Probe (Chrono Boost)  
  17  2:28  Probe (Chrono Boost)  
  18  2:42  Probe (Chrono Boost)  
  18  2:46  Pylon  
  19  2:53  Twilight Council  
  19  2:56  Probe (Chrono Boost), Assimilator  
  20  3:00  Assimilator  
  20  3:22  Zealot x2  
  24  3:45  Charge  
  24  3:54  Probe (Chrono Boost)  
  25  4:07  Probe (Chrono Boost)  
  26  4:21  Probe (Chrono Boost)  
  27  4:35  Probe (Chrono Boost)  
  28  4:40  Dragoon  
  28  4:41  Dragoon  
  28  4:49  Probe (Chrono Boost)  
  32  4:50  Whirlwind  
  33  5:03  Probe (Chrono Boost)  
  34  5:17  Probe (Chrono Boost)  
  35  5:31  Probe (Chrono Boost)  
  36  5:53  Probe (Chrono Boost)  
  37  6:07  Probe (Chrono Boost)  
  38  6:21  Probe (Chrono Boost)  
  39  6:31  Templar Archives  
  39  6:37  Forge  
  39  6:38  Forge  
  39  6:41  Forge  
  39  6:45  Pylon  
  39  6:47  Pylon  
  39  6:49  Pylon  
  39  6:50  Pylon  
  39  7:14  Probe (Chrono Boost)  
  40  7:21  Psionic Storm, Khaydarin Amulet  
  40  7:25  Protoss Ground Weapons Level 1  
  40  7:26  Protoss Ground Armor Level 1  
  40  7:28  Probe (Chrono Boost), Protoss Shields Level 1  
  41  7:42  Probe (Chrono Boost)  
  42  7:54  Zealot x5  
  42  7:56  Probe (Chrono Boost)  
  53  8:10  Probe (Chrono Boost)  
  54  8:24  Probe (Chrono Boost)  
  55  8:38  Probe (Chrono Boost)  
  56  8:42  Zealot x3  
  60  8:51  Probe (Chrono Boost)  
  60  8:56  Pylon  
  60  8:57  Pylon, Gateway  
  59  9:01  Gateway  
  59  9:09  High Templar x2  
  63  9:21  Plasma Surge  
  63  9:44  High Templar  
  63  9:45  High Templar  
  63  9:46  High Templar  
  69  9:51  Zealot  
  71  10:41  Robotics Facility  
  61  11:19  Zealot x2  
  65  11:20  Zealot x5  
  75  12:04  Archon  
  75  12:05  Archon  
  75  12:08  High Templar  
  77  12:28  Protoss Ground Weapons Level 2  
  77  12:29  Protoss Ground Armor Level 2, Protoss Shields Level 2  
  77  12:46  Archon  
  77  13:08  Pylon  
  77  13:11  Pylon  
  77  13:13  Pylon  
  77  13:15  Pylon  
  77  13:16  Pylon  
  77  13:18  Pylon  
  77  13:21  Pylon  
  77  13:22  Pylon  
  77  13:31  High Templar  
  77  13:32  High Templar x2  
  77  13:33  High Templar  
  83  14:04  Zealot x6  
  83  14:05  Zealot x2  
  91  14:53  High Templar x2  
  95  15:33  Zealot  
  95  15:34  Zealot x3  
  103  15:47  High Templar x3  
  101  16:20  Zealot x5  
  101  16:37  Gateway  
  101  16:39  Gateway  
  81  16:43  Gateway  
  81  16:45  Gateway  
  81  16:49  Gateway  
  67  16:53  Gateway  
  67  16:55  Gateway  
  67  16:56  Archon x3  
  67  16:58  Gateway  
  65  17:11  Observer  
  62  17:56  High Templar x2  
  62  17:57  High Templar x2  
  70  18:04  Zealot x2  
  70  18:05  Zealot x5  
  70  18:06  Zealot x7  
  70  18:07  Zealot x2  
  102  18:44  Zealot x2  
  102  18:45  Zealot x6  
  102  18:46  Zealot x4  
  126  18:50  Protoss Ground Armor Level 3, Protoss Ground Weapons Level 3  
  124  19:18  Archon  
  124  19:19  Archon  
  100  20:11  Zealot x4  
  100  20:12  Zealot x2  
  100  20:13  Zealot x5  
  117  20:53  Zealot x4  
  117  20:54  Zealot x3  
  131  21:41  High Templar  
  131  21:42  High Templar x5  
  143  21:52  Pylon  
  143  21:54  Pylon  
  143  22:00  Pylon  
  143  22:02  Pylon  
  143  22:04  Pylon  
  143  22:05  Pylon  
  143  22:11  Pylon  
  143  22:18  High Templar x2  
  147  23:00  High Templar  
  147  23:02  Zealot x4  
  147  23:03  Zealot  
  159  23:32  Observer x2  
  159  23:33  Observer  
Show
View Real Time Build Order
Export as new Build Order

YoungMir Zerg 

Build Orders:  

Get SALT Encoding   

  12  0:03  Drone  
  13  0:11  Drone  
  14  0:26  Overlord  
  14  0:51  Drone x3  
  17  1:01  Drone  
  18  1:15  Spawning Pool  
  17  1:41  Hatchery  
  16  1:50  Queen  
  16  1:58  Drone  
  19  2:00  Drone  
  19  2:05  Drone  
  21  2:12  Extractor, Drone  
  21  2:18  Drone  
  22  2:31  Overlord  
  22  2:44  Queen  
  24  3:06  Drone  
  24  3:07  Drone x3  
  28  3:14  Extractor x2  
  26  3:28  Evolution Chamber  
  25  3:31  Evolution Chamber  
  25  3:33  Drone  
  25  3:34  Drone x2  
  25  3:36  Drone  
  28  3:48  Drone  
  28  3:49  Drone x2  
  31  3:56  Drone  
  32  4:01  Drone  
  33  4:14  Heroic Fortitude  
  33  4:24  Lair  
  33  4:32  Metabolic Boost  
  33  4:47  Drone x3  
  36  5:14  Evolution Chamber  
  35  5:21  Overlord  
  35  5:22  Overlord  
  35  5:25  Hive  
  35  5:55  Zerg Melee Weapons Level 1  
  35  5:56  Zerg Missile Weapons Level 1, Zerg Ground Armor Level 1  
  35  6:13  Hydralisk Den  
  34  6:26  Overlord x2  
  34  6:29  Drone x2  
  36  6:30  Drone x5  
  36  6:31  Drone x2  
  43  6:40  Zergling x6  
  43  6:43  Zergling x2  
  47  6:54  Hardened Carapace  
  47  7:37  Muscular Augments  
  47  7:50  Spore Crawler  
  47  7:51  Spore Crawler  
  47  7:52  Spore Crawler  
  47  7:56  Drone x4  
  47  7:57  Drone  
  47  7:59  Zergling x2  
  50  8:00  Zergling x14  
  50  8:03  Spore Crawler  
  55  8:22  Adrenal Overload  
  55  8:36  Pneumatized Carapace  
  53  9:16  Zerg Melee Weapons Level 2  
  53  9:17  Zerg Ground Armor Level 2, Zerg Missile Weapons Level 2  
  53  9:33  Hydralisk  
  53  9:34  Hydralisk x4  
  53  9:38  Zergling x10  
  53  9:39  Overlord x2  
  68  9:47  Overseer  
  68  9:49  Overseer  
  68  10:02  Overlord x2  
  68  10:23  Zergling x2  
  68  10:24  Zergling x16  
  68  11:19  Hydralisk  
  69  11:20  Hydralisk x8  
  69  11:21  Zergling x4  
  82  11:52  Hydralisk  
  82  11:53  Hydralisk  
  82  11:54  Zergling x14  
  93  12:07  Overlord  
  93  12:09  Overlord  
  93  12:31  Zerg Melee Weapons Level 3  
  93  12:32  Zerg Missile Weapons Level 3  
  92  13:01  Overlord x2  
  76  13:34  Zerg Ground Armor Level 3  
  76  13:39  Zergling x22  
  83  13:40  Zergling x8  
  91  13:53  Shredding Claws  
  83  15:10  Overseer x2  
  83  15:16  Zergling x10  
  83  15:17  Zergling x20  
  83  15:18  Hydralisk  
  83  15:19  Hydralisk x7  
  114  15:20  Zergling x2  
  107  16:09  Zergling x2  
  107  16:10  Zergling x32  
  122  16:44  Overseer  
  122  16:52  Overlord x4  
  113  17:28  Overlord x3  
  107  17:30  Hydralisk x4  
  107  17:31  Hydralisk x2  
  107  17:32  Hydralisk  
  114  17:56  Overseer  
  114  18:25  Hydralisk x3  
  114  18:26  Hydralisk x6  
  131  18:50  Hydralisk x2  
  131  18:51  Hydralisk x2  
  131  18:58  Overseer x2  
  128  19:31  Hydralisk  
  128  19:32  Hydralisk x8  
  144  20:59  Hydralisk x4  
  152  21:00  Hydralisk x11  
  152  21:01  Hydralisk  
  176  21:51  Zergling x2  
  176  21:52  Zergling x22  
  188  22:51  Overlord  
  188  22:52  Overlord x2  
  188  22:56  Overlord  
  188  22:57  Overlord  
Tags
 
League
Gold
Matchup
Co-op
Replay Pack
Co-op Missions
Add a new tag
Caveats
  • Supply blocks, unpowered buildings, or Contaminate may cause inaccurate times.
  • Supply counts are checked every 10 seconds.